AoeStats
← 765688104

Arena

509970709Analyzed
4v4 RM · 3d ago on Sep 28, 2026· 103m 26s· 8 players
Game mode
Random Map
Map size
Large (8 player)
Population
200
Speed
Normal
Resources
Standard
Victory
Conquest
Starting age
Dark Age
Ending age
Imperial Age
RankedLock teamsTeams togetherTeam positionsShared explorationLock speedFull tech treeHidden civsTurbo modeCheats
Victory
Defeat
🇬🇧 Danes · United Kingdom
484
+16
🇬🇧 Persians · United Kingdom
482
+16
🇮🇪 Britons · Ireland
394
+20
🇹🇷 Khmer · Türkiye
382
+20
🇨🇴 Chinese · Colombia
640
-25
🇹🇷 Vietnamese · Türkiye
591
-22
🇺🇸 Berbers · United States
462
-17
🇨🇲 Burgundians · Cameroon
219
-8
kealanmurphy83
1:20 Loom
30:49 Feudal Age
31:22 Town Watch
32:13 Wheelbarrow
31:01 Man-at-Arms
31:39 Stone Mining
33:07 Horse Collar
33:16 Double-Bit Axe
33:47 Scale Mail Armor
33:58 Forging
41:52 Castle Age
44:18 Squires
44:05 Arson
44:06 Gambesons
43:43 Long Swordsman
45:57 Caravan
46:53 Heavy Plow
47:08 Bow Saw
47:18 Hand Cart
47:28 Yeomen
47:00 Treadmill Crane
47:32 Masonry
48:29 Ballistics
48:25 Padded Archer Armor
48:18 Fletching
52:21 Leather Archer Armor
52:01 Bodkin Arrow
56:25 Imperial Age
53:58 Town Patrol
54:18 Chain Mail Armor
54:39 Iron Casting
57:28 Conscription
58:40 Chemistry
57:56 Guilds
57:13 Elite Longbowman
58:15 Bracer
59:29 Ring Archer Armor
60:58 Two-Man Saw
60:15 Two-Handed Swordsman
62:12 Blast Furnace
64:13 Plate Mail Armor
63:07 Champion
66:13 Coinage
94:25 Warwolf
S1rkumsiz3d
0:38 Loom
10:17 Feudal Age
12:34 Wheelbarrow
11:48 Double-Bit Axe
12:55 Horse Collar
14:21 Gold Mining
15:53 Stone Mining
21:56 Castle Age
22:19 Fletching
23:27 Gold Shaft Mining
23:31 Stone Shaft Mining
23:12 Bow Saw
24:07 Heavy Plow
26:27 Hand Cart
26:10 Murder Holes
31:02 Imperial Age
28:06 Pikeman
31:01 Caravan
32:56 Guard Tower
34:25 Conscription
33:29 Hamask
33:41 Elite Skirmisher
34:43 Squires
34:33 Gambesons
36:57 Onager
38:44 Thumb Ring
39:22 Bodkin Arrow
39:51 Siege Onager
40:52 Northmen's Fury
46:57 Bracer
47:10 Forging
47:06 Scale Barding Armor
49:26 Keep
48:37 Arrowslits
49:03 Masonry
49:14 Ballistics
49:47 Town Watch
50:41 Iron Casting
50:08 Scale Mail Armor
50:29 Chain Barding Armor
50:12 Padded Archer Armor
50:31 Elite Jomsviking
55:10 Halberdier
57:09 Cranequins
57:10 Crossbowman
58:16 Heavy Mounted Crossbowman
60:30 Elite Varangian Guard
71:44 Light Cavalry
72:35 Bloodlines
72:26 Husbandry
75:05 Town Patrol
75:22 Chain Mail Armor
78:03 Cranequins
99:06 Chemistry
98:13 Siege Engineers
97:59 Heated Shot
98:20 Careening
98:21 Clinker Construction
98:32 Shipwright
98:25 Redemption
98:16 Devotion
98:37 Sanctity
98:42 Illumination
98:33 Block Printing
98:29 Fervor
98:55 Theocracy
98:52 Coinage
99:25 Blast Furnace
98:55 Plate Mail Armor
99:01 Plate Barding Armor
98:42 Leather Archer Armor
98:17 Arson
97:54 Man-at-Arms
99:19 Hoardings
99:18 Long Swordsman
100:18 Capped Ram
100:19 Heavy Scorpion
tellsamus
11:49 Feudal Age
10:31 Loom
12:30 Double-Bit Axe
13:13 Horse Collar
20:58 Castle Age
19:42 Town Watch
20:33 Wheelbarrow
21:02 Stone Mining
21:04 Gold Mining
24:11 Hand Cart
27:27 Town Patrol
27:59 Caravan
30:36 Bow Saw
32:00 Heavy Plow
34:49 Imperial Age
33:32 Kamandaran
34:54 Fletching
35:05 Padded Archer Armor
36:09 Chemistry
35:29 Ballistics
35:06 Murder Holes
35:22 Masonry
35:59 Crop Rotation
36:27 Citadels
36:40 Conscription
37:29 Two-Man Saw
36:27 Guard Tower
36:42 Bodkin Arrow
37:07 Leather Archer Armor
41:08 Elite War Elephant
42:26 Hoardings
45:04 Thumb Ring
44:20 Crossbowman
57:22 Ring Archer Armor
56:53 Scale Mail Armor
56:58 Scale Barding Armor
57:04 Forging
63:46 Iron Casting
63:27 Chain Mail Armor
63:32 Chain Barding Armor
Din Djarin The Mandalorian
3:39 Loom
11:40 Feudal Age
13:07 Wheelbarrow
14:00 Horse Collar
19:17 Gold Mining
19:21 Stone Mining
19:40 Double-Bit Axe
19:43 Town Watch
27:59 Castle Age
29:39 Crossbowman
31:50 Gold Shaft Mining
32:47 Caravan
34:59 Bow Saw
35:17 Hand Cart
36:14 Fletching
36:21 Fletching
44:38 Imperial Age
43:33 Bodkin Arrow
43:40 Padded Archer Armor
43:49 Scale Barding Armor
43:58 Forging
44:18 Heavy Plow
46:56 Fervor
47:37 Stone Shaft Mining
50:57 Elite Ballista Elephant
51:40 Tusk Swords
51:45 Double Crossbow
52:09 Conscription
52:30 Hoardings
55:22 Arbalester
56:05 Bracer
56:20 Leather Archer Armor
61:43 Man-at-Arms
68:04 Iron Casting
68:00 Ring Archer Armor
68:00 Long Swordsman
88:08 Chain Barding Armor
87:49 Scale Mail Armor
88:50 Blast Furnace
89:21 Conscription
89:39 Town Patrol
98:12 Chain Mail Armor
98:33 Plate Barding Armor
101:48 Ballistics
102:29 Chemistry
101:41 Masonry
ruskihitman1
12:01 Feudal Age
15:22 Wheelbarrow
18:16 Castle Age
16:50 Double-Bit Axe
17:01 Town Watch
20:08 Hand Cart
20:38 Stone Mining
20:42 Gold Mining
21:07 Bow Saw
22:10 Horse Collar
26:33 Heavy Plow
28:31 Stone Shaft Mining
29:51 Gold Shaft Mining
35:47 Caravan
36:54 Forging
36:44 Scale Mail Armor
36:49 Scale Barding Armor
36:34 Fletching
36:45 Padded Archer Armor
41:23 Imperial Age
38:42 Town Watch
38:44 Loom
39:47 Town Patrol
40:29 Iron Casting
40:10 Chain Mail Armor
40:15 Chain Barding Armor
39:51 Bodkin Arrow
41:36 Husbandry
40:57 Light Cavalry
41:51 Bloodlines
41:39 Heavy Camel Rider
44:36 Elite Genitour
44:42 Heavy Cavalry Archer
44:46 Elite Skirmisher
45:55 Conscription
44:56 Elite Camel Archer
47:06 Arrowslits
48:22 Chemistry
47:13 Heated Shot
48:22 Hussar
48:23 Cavalier
49:49 Imperial Skirmisher
51:01 Crossbowman
51:51 Thumb Ring
SKILBILOTHBROK
11:00 Feudal Age
11:42 Double-Bit Axe
12:06 Horse Collar
14:21 Wheelbarrow
16:36 Gold Mining
17:51 Town Watch
21:50 Castle Age
20:40 Fletching
23:02 Stone Mining
23:49 Thumb Ring
23:09 Crossbowman
24:21 Bow Saw
24:59 Ballistics
25:47 Hand Cart
27:01 Gold Shaft Mining
26:54 Town Patrol
29:15 Stone Shaft Mining
28:55 Padded Archer Armor
31:26 Coinage
31:00 Caravan
38:46 Imperial Age
39:00 Bodkin Arrow
39:21 Leather Archer Armor
42:34 Banking
42:09 Bracer
42:39 Ring Archer Armor
41:32 Arbalester
45:29 Chemistry
49:10 Rocketry
50:45 Heavy Rocket Cart
FENERBAHCE
13:00 Feudal Age
20:22 Castle Age
18:09 Horse Collar
18:19 Double-Bit Axe
18:30 Gold Mining
18:58 Stone Mining
27:32 Bow Saw
27:26 Heavy Plow
28:08 Stone Shaft Mining
34:30 Imperial Age
32:39 Wheelbarrow
31:50 Town Watch
31:51 Loom
32:25 Scale Mail Armor
32:26 Padded Archer Armor
32:17 Fletching
32:38 Forging
32:34 Scale Barding Armor
34:07 Chain Mail Armor
34:08 Leather Archer Armor
34:37 Elite Rattan Archer
35:18 Chatras
35:40 Paper Money
34:51 Sappers
36:58 Hand Cart
36:46 Town Patrol
38:08 Hoardings
38:45 Chemistry
37:57 Siege Engineers
39:58 Elite Battle Elephant
49:23 Ring Archer Armor
49:24 Plate Mail Armor
48:51 Bodkin Arrow
49:32 Iron Casting
49:22 Chain Barding Armor
57:16 Plate Barding Armor
56:42 Bracer
57:14 Ballistics
65:53 Caravan
83:49 Light Cavalry
84:32 Husbandry
765688104
10:30 Feudal Age
23:50 Castle Age
23:01 Stone Mining
23:01 Gold Mining
23:03 Double-Bit Axe
23:02 Horse Collar
33:39 Imperial Age
33:03 Bow Saw
33:33 Stone Shaft Mining
33:34 Gold Shaft Mining
35:12 Guard Tower
49:10 Chemistry
50:51 Elite Coustillier
52:16 Fortified Wall
53:19 Keep
54:47 Scale Barding Armor
54:54 Forging
60:49 Bombard Tower
61:07 Iron Casting
62:13 Chain Barding Armor
67:01 Heavy Plow
68:04 Two-Man Saw
70:48 Hoardings
70:44 Conscription
73:16 Arrowslits
73:32 Murder Holes
Connection lost

Rejoining the realm…

Still unreachable

The connection could not be restored.

Session expired

The server has moved on; the page needs a fresh start.